 Dungeon Crawl Stone Soup version 0.28.0-43-g3370ac3207 (webtiles) character file.

Game seed: 11519135221490365955

232 protoss039 the Magician (level 5, 0/28 HPs)
             Began as a Deep Elf Earth Elementalist on Mar 26, 2022.
             Was an Initiate of Sif Muna.
             Slain by an adder (4 damage)
             ... in a sewer.
             The game lasted 00:08:20 (3776 turns).

protoss039 the Magician (DEEE)                      Turns: 3776, Time: 00:08:21

Health: 0/28       AC:  4    Str:  5    XL:     5   Next: 73%
Magic:  2/15       EV: 13    Int: 22    God:    Sif Muna [......]
Gold:   209        SH:  0    Dex: 15    Spells: 5/15 levels left

rFire   . . .      SeeInvis .   f - +2 hand axe (vorpal)
rCold   . . .      Faith    .   (no shield)
rNeg    . . .      Spirit   .   b - +0 robe
rPois   .          Reflect  .   m - +0 helmet
rElec   .          Harm     .   g - scarf {repulsion}
rCorr   .          Rampage  .   (no gloves)
Will    .....                   l - +0 pair of boots
Stlth   ++........              (no amulet)
HPRegen 0.09/turn               (no ring)
MPRegen 0.14/turn               (no ring)

@: lethally poisoned (0 -> -7), repel missiles
A: no striking features
a: Renounce Religion


You were in a sewer.
You worshipped Sif Muna.
Sif Muna was noncommittal.
You visited 1 branch of the dungeon, and saw 4 of its levels.
You also visited: Sewer.

You collected 209 gold pieces.

Inventory:

Hand Weapons
 f - a +2 vorpal hand axe (weapon)
 i - a +0 war axe of electrocution
Armour
 b - a +0 robe (worn)
 g - a scarf of repulsion (worn)
 l - a +0 pair of boots (worn)
 m - a +0 helmet (worn)
Wands
 k - a wand of digging (3)
Scrolls
 a - a scroll of magic mapping {unknown}
 d - a scroll of teleportation {unknown}
 h - 4 scrolls of identify {unknown}
 n - a scroll of immolation {unknown}
 o - a scroll of acquirement {unknown}
 p - a scroll of fog {unknown}
 q - a scroll of blinking {unknown}
 r - a scroll of amnesia {unknown}
 s - a scroll of noise {unknown}
Potions
 c - 2 potions of curing
 e - a potion of mutation {unknown}
 j - a potion of cancellation {unknown}


   Skills:
 - Level 3.0 Dodging
 - Level 3.0 Stealth
 + Level 5.7 Spellcasting
 + Level 0.7 Conjurations
 * Level 1.9 Transmutations
 + Level 4.8 Earth Magic
 * Level 0.5 Invocations


You had 5 spell levels left.
You knew the following spells:

 Your Spells              Type           Power      Damage    Failure   Level
a - Sandblast             Erth           54%        2d13      1%          1
b - Passwall              Tmut/Erth      17%        N/A       3%          2
c - Stone Arrow           Conj/Erth      36%        3d9       9%          3
d - Petrify               Tmut/Erth      21%        N/A       22%         4

Your spell library contained the following spells:

 Spells                   Type           Power      Damage    Failure   Level
 Call Canine Familiar     Summ           6%         N/A       28%         3
 Portal Projectile        Hex/Tloc       12%        N/A       28%         3
 Leda's Liquefaction      Hex/Erth       8%         N/A       34%         4


Dungeon Overview and Level Annotations

Branches:
Dungeon (4/15)              Sewer (1/1)
 Temple: D:4-7

Altars:
Sif Muna
The Shining One


Message History

The adder is lightly wounded.
You feel sick. The adder barely misses you.
The adder bites you but does no damage.
You miss the adder.
The adder is lightly wounded.
You feel sick. The adder misses you.
You closely miss the adder.
The adder is lightly wounded.
You feel sick. The adder barely misses you. The adder misses you.
You barely miss the adder.
The adder is lightly wounded.
You feel sick.
You are no longer poisoned.
The adder bites you.
* * * LOW HITPOINT WARNING * * *
The adder bites you.
* * * LOW HITPOINT WARNING * * *
Unknown command.
Unknown command.
It was a potion of curing.
You feel better. The adder completely misses you.
Unknown command.
Unknown command.
You hit the adder.
The adder is heavily wounded.
The adder misses you. x2
Unknown command.
Unknown command.
You barely miss the adder.
The adder is heavily wounded.
The adder bites you.
You are poisoned.
The adder poisons you!
Unknown command.
You hit the adder.
The adder is almost dead.
You feel sick. The adder bites you.
* * * LOW HITPOINT WARNING * * *
You are lethally poisoned!
The adder poisons you! The adder bites you.
You die...

###############################
.≈≈≈.≈≈≈.≈≈≈≈≈..≈.≈≈≈≈≈≈≈≈≈≈≈≈≈
≈≈≈≈≈≈≈≈≈≈≈≈≈≈≈≈≈≈≈≈≈≈≈.≈≈≈≈≈≈≈
≈.≈≈≈.≈≈≈≈≈≈≈≈≈≈....≈≈≈≈≈≈≈≈≈≈≈
#####################≈≈≈#######
#### #≈≈≈# #.†. #≈≈.#
#####'†#####≈≈≈#
......S@.≈≈≈≈†≈#
........≈.≈≈≈≈.#
#####++#####≈≈≈# #≈≈≈# #≈≈.#
#≈≈≈# ≈≈≈≈# ≈.≈.#


You could see an adder.

Vanquished Creatures
  Natasha (thrice) (D:2)
  Robin (D:2)
  6 adders
  A river rat (Sewer)
  A worm (D:2)
  A dart slug (D:1)
  10 endoplasms
  3 giant cockroaches
  12 goblins
  6 hobgoblins
  4 kobolds
  6 quokkas
  13 ball pythons
  5 bats
  4 frilled lizards
  3 rats (D:2)
79 creatures vanquished.

Vanquished Creatures (others)
  4 toadstools (D:1)
4 creatures vanquished.

Grand Total: 83 creatures vanquished

Notes
Turn   | Place    | Note
-------+----------+-------------------------------------------
     0 | D:1      | protoss039 the Deep Elf Earth Elementalist began the quest
                  | for the Orb.
     0 | D:1      | Reached XP level 1. HP: 10/10 MP: 6/6
   171 | D:1      | Reached XP level 2. HP: 15/15 MP: 6/8
   321 | D:1      | Found a faded altar of an unknown god.
  1044 | D:1      | Learned a level 2 spell: Passwall
  1142 | D:2      | Reached XP level 3. HP: 11/19 MP: 7/10
  1159 | D:2      | Noticed Robin
  1169 | D:2      | Killed Robin
  1185 | D:1      | Learned a level 3 spell: Stone Arrow
  1408 | D:2      | Reached skill level 4 in Spellcasting
  1517 | D:2      | Noticed Natasha
  1520 | D:2      | Killed Natasha
  1521 | D:2      | Reached XP level 4. HP: 24/24 MP: 4/12
  1632 | D:2      | Found a glowing golden altar of the Shining One.
  1657 | D:2      | Noticed Natasha
  1753 | D:2      | Killed Natasha
  1790 | D:2      | Reached skill level 5 in Spellcasting
  2083 | D:2      | Noticed Natasha
  2089 | D:2      | Killed Natasha
  2090 | D:2      | Reached XP level 5. HP: 14/28 MP: 1/14
  2097 | D:2      | Learned a level 4 spell: Petrify
  2720 | D:3      | Found a shimmering blue altar of Sif Muna.
  3008 | D:3      | Became a worshipper of Sif Muna the Loreminder
  3315 | D:4      | Found a glowing drain.
  3320 | Sewer    | Entered a sewer
  3776 | Sewer    | Slain by an adder

Illustrated notes

Levels and vault maps discovered:
D:1:      ldierk_water_garden, layout_basic, serial_forest,
          infiniplex_forest_clump_curved, infiniplex_forest_clump_double,
          infiniplex_forest_clump_tiny, infiniplex_forest_end_3,
          infiniplex_forest_end_3, infiniplex_forest_straight_5,
          infiniplex_forest_clump_small, infiniplex_forest_zigzag_1,
          chequers_ecumenical_altar_island
D:2:      layout_rooms, basic_altar, uniq_natasha, uniq_robin
D:3:      layout_loops_cross, lemuel_tele_altar
D:4:      layout_loops_cross, makhleb_heckhound_becter, portal_sewer_entry_e
Sewer:    sewer_fruit_machine

Skill      XL: |  1  2  3  4 |
---------------+-------------+-----
Stealth        | 3 |  3.0
Earth Magic    | 4 |  4.8
Dodging        | 3 |  3.0
Spellcasting   | 4 5 |  5.7
Conjurations   | |  0.7
Transmutations | |  1.9
Invocations    | |  0.5

Action                   |  1- 3 |  4- 6 || total
-------------------------+-------+-------++-------
Melee: Unarmed           |     1 |       ||     1
       Dagger            |    24 |       ||    24
       Hand axe          |    25 |    83 ||   108
       War axe           |     1 |       ||     1
       Punch             |       |     1 ||     1
 Cast: Sandblast         |    30 |       ||    30
       Stone Arrow       |     2 |    22 ||    24
  Use: Potion            |       |     1 ||     1
 Stab: Sleeping          |     2 |     4 ||     6
       Distracted        |       |     1 ||     1
Armor: Robe              |     9 |    19 ||    28
Dodge: Dodged            |    30 |    81 ||   111
